Connexion

NASHVILLE Predators vs WINNIPEG Jets

Created - 16 janvier 2024 at 05:55

Goals
1 2 3 T
NASHVILLE Predators 0 1 0 1
WINNIPEG Jets 1 2 2 5
Shots
1 2 3 T
NASHVILLE Predators 11 5 5 21
WINNIPEG Jets 12 5 8 25

GoalsPenalties
1st period
1. WINNIPEG Jets , Dawson Mercer 17 (Dmitrij Jaskin 30) at 19:43
Sam Bennett (WPG) for Holding (Minor) at 6:09
Sam Bennett (WPG) for Hooking (Minor) at 13:35
2nd period
2. WINNIPEG Jets , Andreas Athanasiou 18 (Nikita Zadorov 11, Nick Perbix 10) at 4:33
3. NASHVILLE Predators , Brett Connolly 5 (Ryan Donato 14, Erik Brannstrom 12) at 17:18
4. WINNIPEG Jets , Dawson Mercer 18 (Noah Cates 16, Nick Perbix 11) at 19:22
Nikita Zadorov (WPG) for Roughing (Minor) at 9:54
3rd period
5. WINNIPEG Jets , Nick Leddy 10 (Alexei Toropchenko 9, Tyson Jost 16) at 6:21
6. WINNIPEG Jets , Colton White 3 (Tyson Jost 17, Eeli Tolvanen 17) at 16:36
Ethan Bear (WPG) for Holding (Minor) at 0:24
Colton Parayko (WPG) for Tripping (Minor) at 18:02
Goalie Stats
Matt Murray (NAS), 20 saves from 25 shots - (0,800), L, 18-21-2, 60:00 minutes
Ukko-Pekka Luukkonen (WPG), 20 saves from 21 shots - (0,952), W, 22-14-3, 60:00 minutes
3 StarsOfficial
1 - Dawson Mercer (WPG)
2 - Colton White (WPG)
3 - Tyson Jost (WPG)
Referees : Kyle Rehman and Mike Hasenfratz
Linesman : Mark Shewchyk and Brad Lazarowich
Game Note
No Game Note
Finance
Level 1 -- Attendance: 5421 (90,35%) -- Ticket Income $704,730
Level 2 -- Attendance: 5123 (92,39%) -- Ticket Income $430,332
Level 3 -- Attendance: 1359 (67,95%) -- Ticket Income $85,617
Level 4 -- Attendance: 2608 (65,20%) -- Ticket Income $122,576
Luxury Box -- Attendance: 947 (94,70%) -- Ticket Income $246,220
Game was played at the MTS center.
Total Attendance: 15458 (83,35%)
Total Ticket Income: $1,589,475
Other Income: $317,895
Total Income: $1,907,370



Team Name Goals Shots Shots Attemp Shots Blocked PIM HIT PP PK FO%
NASHVILLE Predators 1214370130 / 5 (0%)055%
WINNIPEG Jets 52545510190 / 0 (0,00%045%

NASHVILLE Predators
Player Name POS G A P +/- PIM HIT SHT SB MP PP MP PP SHT PK MP PK SHT FO% FOT
Alexander NylanderRW0000010011:170:0000:000100% 1
Andrew CoppC/LW0000001022:426:4700:00067% 3
Brett ConnollyLW/RW1010014011:170:0000:00050% 2
Bryan RustLW/RW0000033221:075:1220:0000% 0
Calle JarnkrokC/LW/RW000-2001016:350:0000:0000% 0
Cam FowlerD000-1002025:325:3520:0000% 0
Chris TanevD0000020014:130:0000:0000% 0
Colin WhiteC/RW000-200009:263:0600:0000% 0
Erik BrannstromD011-3002020:154:1810:0000% 0
Erik GustafssonD0000002119:295:3510:0000% 0
Henrik BorgstromC000-200006:200:0000:00067% 3
Josh MorrisseyD000-1001120:160:0000:0000% 0
Kevin LabancLW/RW000-2001021:164:4110:000100% 1
Leon DraisaitlC/LW/RW0000002021:075:1210:00058% 26
Matt GrzelcykD000-3021320:154:1810:0000% 0
Nick CousinsC/LW/RW000-200006:200:0000:000100% 1
Ryan DonatoC/LW0110021011:170:0000:00017% 12
Vladislav NamestnikovC/LW/RW000-2020021:164:4100:00064% 22
WINNIPEG Jets
Player Name POS G A P +/- PIM HIT SHT SB MP PP MP PP SHT PK MP PK SHT FO% FOT
Alexei ToropchenkoRW0112001017:070:0006:3200% 2
Andreas AthanasiouC/LW/RW1011003016:200:0000:000100% 1
Colton ParaykoD0002221120:320:0004:1900% 0
Colton WhiteD1012002016:540:0000:2100% 0
Dawson MercerC2021013017:160:0000:00047% 19
Dmitrij JaskinLW/RW0111043123:320:0006:16046% 13
Eeli TolvanenLW/RW0112002010:350:0000:0000% 2
Ethan BearD0001210022:130:0004:0000% 0
Evgeny SvechnikovRW000000105:560:0000:0000% 0
Kevin HayesC/LW/RW0001022120:520:0004:3200% 5
Logan BrownC000000005:560:0000:00060% 5
Mattias JanmarkC/LW/RW000000105:560:0000:0000% 1
Nick LeddyD1011011124:510:0005:2400% 0
Nick PerbixD0221002121:150:0005:3600% 0
Nikita ZadorovD0111240014:120:0000:0600% 0
Noah CatesLW0111022017:160:0000:000100% 1
Sam BennettC/LW0001421017:560:0001:38056% 16
Tyson JostC/LW0222000011:230:0000:48050% 6



Play-by-Play

1st period


0:01 of 1st period - Leon Draisaitl wins face-off versus Dawson Mercer in neutral zone.
0:01 of 1st period - Leon Draisaitl is hit by Dmitrij Jaskin.
0:17 of 1st period - Shot by Bryan Rust.
0:17 of 1st period - Stopped by Ukko-Pekka Luukkonen without a rebound.
0:18 of 1st period - Vladislav Namestnikov wins face-off versus Sam Bennett in WINNIPEG Jets zone.
0:49 of 1st period - Shot by Vladislav Namestnikov.
0:49 of 1st period - Shot Misses the Net.
0:51 of 1st period - Shot by Erik Brannstrom.
0:51 of 1st period - Stopped by Ukko-Pekka Luukkonen without a rebound.
0:52 of 1st period - Ryan Donato wins face-off versus Eeli Tolvanen in WINNIPEG Jets zone.
1:07 of 1st period - Shot by Tyson Jost.
1:07 of 1st period - Shot Misses the Net.
1:34 of 1st period - Icing by Erik Gustafsson.
1:35 of 1st period - Dawson Mercer wins face-off versus Ryan Donato in NASHVILLE Predators zone.
1:35 of 1st period - Nick Leddy is hit by Chris Tanev.
1:59 of 1st period - Cam Fowler is hit by Dmitrij Jaskin and loses puck.
2:12 of 1st period - Shot by Dmitrij Jaskin.
2:12 of 1st period - Stopped by Matt Murray without a rebound.
2:13 of 1st period - Henrik Borgstrom wins face-off versus Logan Brown in NASHVILLE Predators zone.
2:44 of 1st period - Shot by Logan Brown.
2:44 of 1st period - Shot Misses the Net.
2:46 of 1st period - Shot by Nick Perbix.
2:46 of 1st period - Stopped by Matt Murray with a rebound.
3:19 of 1st period - Shot by Andreas Athanasiou.
3:19 of 1st period - Shot Misses the Net.
3:21 of 1st period - Shot by Sam Bennett.
3:21 of 1st period - Deflect By Kevin Hayes.
3:21 of 1st period - Shot Misses the Net.
3:23 of 1st period - Shot by Sam Bennett.
3:23 of 1st period - Stopped by Matt Murray without a rebound.
3:24 of 1st period - Leon Draisaitl wins face-off versus Dawson Mercer in NASHVILLE Predators zone.
3:49 of 1st period - Shot by Andrew Copp.
3:49 of 1st period - Deflect By Leon Draisaitl.
3:49 of 1st period - Stopped by Ukko-Pekka Luukkonen without a rebound.
3:50 of 1st period - Sam Bennett wins face-off versus Vladislav Namestnikov in WINNIPEG Jets zone.
4:02 of 1st period - Icing by Colton White.
4:03 of 1st period - Sam Bennett wins face-off versus Leon Draisaitl in WINNIPEG Jets zone.
4:03 of 1st period - Colton White is hit by Bryan Rust and loses puck.
4:16 of 1st period - Shot by Andreas Athanasiou.
4:16 of 1st period - Stopped by Matt Murray without a rebound.
4:17 of 1st period - Dmitrij Jaskin wins face-off versus Vladislav Namestnikov in NASHVILLE Predators zone.
5:27 of 1st period - Tyson Jost is hit by Chris Tanev and loses puck.
5:38 of 1st period - Shot by Eeli Tolvanen.
5:38 of 1st period - Stopped by Matt Murray with a rebound.
5:40 of 1st period - Shot by Colton Parayko.
5:40 of 1st period - Shot Blocked by Bryan Rust.
5:42 of 1st period - Shot by Alexei Toropchenko.
5:42 of 1st period - Shot Blocked by Erik Gustafsson.
5:44 of 1st period - Shot by Colton White.
5:44 of 1st period - Stopped by Matt Murray without a rebound.
5:45 of 1st period - Sam Bennett wins face-off versus Ryan Donato in NASHVILLE Predators zone.
5:55 of 1st period - Andreas Athanasiou is hit by Matt Grzelcyk and loses puck.
6:06 of 1st period - Shot by Sam Bennett.
6:06 of 1st period - Shot Blocked by Matt Grzelcyk.
6:09 of 1st period - Minor Penalty to Sam Bennett for Holding.
6:10 of 1st period - Leon Draisaitl wins face-off versus Dmitrij Jaskin in WINNIPEG Jets zone.
6:33 of 1st period - Shot by Cam Fowler.
6:33 of 1st period - Stopped by Ukko-Pekka Luukkonen without a rebound.
6:34 of 1st period - Dmitrij Jaskin wins face-off versus Vladislav Namestnikov in WINNIPEG Jets zone.
6:34 of 1st period - Dmitrij Jaskin is hit by Vladislav Namestnikov.
6:52 of 1st period - Shot by Kevin Labanc.
6:52 of 1st period - Stopped by Ukko-Pekka Luukkonen without a rebound.
6:53 of 1st period - Leon Draisaitl wins face-off versus Kevin Hayes in WINNIPEG Jets zone.
7:55 of 1st period - Icing by Vladislav Namestnikov.
7:56 of 1st period - Vladislav Namestnikov wins face-off versus Dmitrij Jaskin in NASHVILLE Predators zone.
8:26 of 1st period - Shot by Brett Connolly.
8:26 of 1st period - Stopped by Ukko-Pekka Luukkonen with a rebound.
9:18 of 1st period - Shot by Kevin Hayes.
9:18 of 1st period - Stopped by Matt Murray without a rebound.
9:19 of 1st period - Dawson Mercer wins face-off versus Leon Draisaitl in NASHVILLE Predators zone.
9:24 of 1st period - Shot by Noah Cates.
9:24 of 1st period - Stopped by Matt Murray without a rebound.
9:25 of 1st period - Sam Bennett wins face-off versus Leon Draisaitl in NASHVILLE Predators zone.
9:40 of 1st period - Shot by Sam Bennett.
9:40 of 1st period - Deflect By Kevin Hayes.
9:40 of 1st period - Shot Misses the Net.
10:49 of 1st period - Shot by Dmitrij Jaskin.
10:49 of 1st period - Stopped by Matt Murray without a rebound.
10:50 of 1st period - Ryan Donato wins face-off versus Tyson Jost in NASHVILLE Predators zone.
11:11 of 1st period - Shot by Brett Connolly.
11:11 of 1st period - Stopped by Ukko-Pekka Luukkonen with a rebound.
11:13 of 1st period - Shot by Brett Connolly.
11:13 of 1st period - Stopped by Ukko-Pekka Luukkonen without a rebound.
11:14 of 1st period - Vladislav Namestnikov wins face-off versus Logan Brown in WINNIPEG Jets zone.
11:31 of 1st period - Icing by Josh Morrissey.
11:32 of 1st period - Vladislav Namestnikov wins face-off versus Dawson Mercer in NASHVILLE Predators zone.
11:32 of 1st period - Vladislav Namestnikov is hit by Noah Cates.
11:40 of 1st period - Shot by Vladislav Namestnikov.
11:40 of 1st period - Shot Misses the Net.
11:51 of 1st period - Dmitrij Jaskin is hit by Vladislav Namestnikov.
12:09 of 1st period - Josh Morrissey is hit by Dawson Mercer and loses puck.
13:35 of 1st period - Minor Penalty to Sam Bennett for Hooking.
13:36 of 1st period - Leon Draisaitl wins face-off versus Dmitrij Jaskin in WINNIPEG Jets zone.
14:01 of 1st period - Shot by Cam Fowler.
14:01 of 1st period - Stopped by Ukko-Pekka Luukkonen without a rebound.
14:02 of 1st period - Dmitrij Jaskin wins face-off versus Vladislav Namestnikov in WINNIPEG Jets zone.
14:49 of 1st period - Icing by Erik Gustafsson.
14:50 of 1st period - Leon Draisaitl wins face-off versus Kevin Hayes in NASHVILLE Predators zone.
15:11 of 1st period - Shot by Leon Draisaitl.
15:11 of 1st period - Shot Misses the Net.
15:13 of 1st period - Shot by Bryan Rust.
15:13 of 1st period - Stopped by Ukko-Pekka Luukkonen without a rebound.
15:14 of 1st period - Andrew Copp wins face-off versus Dmitrij Jaskin in WINNIPEG Jets zone.
15:35 of 1st period - Shot by Vladislav Namestnikov.
15:35 of 1st period - Shot Misses the Net.
15:49 of 1st period - Shot by Evgeny Svechnikov.
15:49 of 1st period - Shot Misses the Net.
15:51 of 1st period - Shot by Colton Parayko.
15:51 of 1st period - Stopped by Matt Murray without a rebound.
15:52 of 1st period - Nick Cousins wins face-off versus Sam Bennett in NASHVILLE Predators zone.
16:18 of 1st period - Icing by Erik Gustafsson.
16:19 of 1st period - Dawson Mercer wins face-off versus Henrik Borgstrom in NASHVILLE Predators zone.
18:24 of 1st period - Eeli Tolvanen is hit by Bryan Rust.
18:40 of 1st period - Shot by Eeli Tolvanen.
18:40 of 1st period - Stopped by Matt Murray without a rebound.
18:41 of 1st period - Logan Brown wins face-off versus Ryan Donato in NASHVILLE Predators zone.
19:14 of 1st period - Shot by Ryan Donato.
19:14 of 1st period - Stopped by Ukko-Pekka Luukkonen without a rebound.
19:15 of 1st period - Dawson Mercer wins face-off versus Vladislav Namestnikov in WINNIPEG Jets zone.
19:43 of 1st period - Shot by Dawson Mercer.
19:43 of 1st period - Goal by Dawson Mercer - NASHVILLE Predators : 0 - WINNIPEG Jets : 1.
19:44 of 1st period - Sam Bennett wins face-off versus Leon Draisaitl in neutral zone.
19:59 of 1st period - Shot by Sam Bennett.
19:59 of 1st period - Shot Blocked by Bryan Rust.
Goals for this period are 0 for NASHVILLE Predators vs 1 for WINNIPEG Jets.
Shots for this period are 11 for NASHVILLE Predators vs 12 for WINNIPEG Jets.

2nd period


0:01 of 2nd period - Dawson Mercer wins face-off versus Leon Draisaitl in neutral zone.
0:04 of 2nd period - Bryan Rust is hit by Dmitrij Jaskin and loses puck.
0:15 of 2nd period - Shot by Josh Morrissey.
0:15 of 2nd period - Shot Misses the Net.
0:17 of 2nd period - Shot by Josh Morrissey.
0:17 of 2nd period - Stopped by Ukko-Pekka Luukkonen without a rebound.
0:18 of 2nd period - Vladislav Namestnikov wins face-off versus Sam Bennett in WINNIPEG Jets zone.
1:18 of 2nd period - Icing by Nick Perbix.
1:19 of 2nd period - Sam Bennett wins face-off versus Leon Draisaitl in WINNIPEG Jets zone.
1:57 of 2nd period - Icing by Noah Cates.
1:58 of 2nd period - Dawson Mercer wins face-off versus Ryan Donato in WINNIPEG Jets zone.
1:58 of 2nd period - Dawson Mercer is hit by Alexander Nylander.
2:01 of 2nd period - Noah Cates is hit by Brett Connolly and loses puck.
2:26 of 2nd period - Icing by Chris Tanev.
2:27 of 2nd period - Brett Connolly wins face-off versus Eeli Tolvanen in NASHVILLE Predators zone.
3:10 of 2nd period - Shot by Leon Draisaitl.
3:10 of 2nd period - Shot Misses the Net.
3:31 of 2nd period - Off-side.
3:32 of 2nd period - Vladislav Namestnikov wins face-off versus Dawson Mercer in neutral zone.
3:48 of 2nd period - Vladislav Namestnikov is hit by Nick Leddy and loses puck.
4:29 of 2nd period - Shot by Andreas Athanasiou.
4:29 of 2nd period - Shot Misses the Net.
4:33 of 2nd period - Shot by Andreas Athanasiou.
4:33 of 2nd period - Goal by Andreas Athanasiou - NASHVILLE Predators : 0 - WINNIPEG Jets : 2.
4:34 of 2nd period - Leon Draisaitl wins face-off versus Mattias Janmark in neutral zone.
4:39 of 2nd period - Shot by Cam Fowler.
4:39 of 2nd period - Shot Misses the Net.
4:44 of 2nd period - Off-side.
4:45 of 2nd period - Sam Bennett wins face-off versus Ryan Donato in neutral zone.
4:50 of 2nd period - Shot by Andreas Athanasiou.
4:50 of 2nd period - Stopped by Matt Murray without a rebound.
4:51 of 2nd period - Leon Draisaitl wins face-off versus Sam Bennett in NASHVILLE Predators zone.
5:11 of 2nd period - Shot by Sam Bennett.
5:11 of 2nd period - Shot Hit the Post.
5:19 of 2nd period - Shot by Kevin Hayes.
5:19 of 2nd period - Shot Hit the Post.
6:13 of 2nd period - Off-side.
6:14 of 2nd period - Tyson Jost wins face-off versus Ryan Donato in neutral zone.
6:53 of 2nd period - Shot by Alexei Toropchenko.
6:53 of 2nd period - Shot Misses the Net.
7:29 of 2nd period - Shot by Dmitrij Jaskin.
7:29 of 2nd period - Stopped by Matt Murray without a rebound.
7:30 of 2nd period - Leon Draisaitl wins face-off versus Sam Bennett in NASHVILLE Predators zone.
7:30 of 2nd period - Leon Draisaitl is hit by Sam Bennett.
7:48 of 2nd period - Shot by Kevin Hayes.
7:48 of 2nd period - Stopped by Matt Murray without a rebound.
7:49 of 2nd period - Vladislav Namestnikov wins face-off versus Dawson Mercer in NASHVILLE Predators zone.
8:28 of 2nd period - Kevin Labanc is hit by Noah Cates and loses puck.
9:16 of 2nd period - Off-side.
9:17 of 2nd period - Sam Bennett wins face-off versus Ryan Donato in neutral zone.
9:23 of 2nd period - Off-side.
9:24 of 2nd period - Andreas Athanasiou wins face-off versus Brett Connolly in neutral zone.
9:34 of 2nd period - Erik Gustafsson is hit by Kevin Hayes and loses puck.
9:39 of 2nd period - Nick Perbix is hit by Ryan Donato and loses puck.
9:45 of 2nd period - Ryan Donato is hit by Nikita Zadorov and loses puck.
9:50 of 2nd period - Shot by Alexander Nylander.
9:50 of 2nd period - Shot Misses the Net.
9:52 of 2nd period - Shot by Ryan Donato.
9:52 of 2nd period - Shot Misses the Net.
9:54 of 2nd period - Shot by Erik Gustafsson.
9:54 of 2nd period - Stopped by Ukko-Pekka Luukkonen without a rebound.
9:54 of 2nd period - Minor Penalty to Nikita Zadorov for Roughing.
9:55 of 2nd period - Dmitrij Jaskin wins face-off versus Leon Draisaitl in WINNIPEG Jets zone.
9:55 of 2nd period - Dmitrij Jaskin is hit by Bryan Rust.
10:11 of 2nd period - Shot by Erik Brannstrom.
10:11 of 2nd period - Stopped by Ukko-Pekka Luukkonen without a rebound.
10:12 of 2nd period - Vladislav Namestnikov wins face-off versus Dmitrij Jaskin in WINNIPEG Jets zone.
10:39 of 2nd period - Shot by Andrew Copp.
10:39 of 2nd period - Shot Blocked by Kevin Hayes.
10:53 of 2nd period - Icing by Vladislav Namestnikov.
10:54 of 2nd period - Vladislav Namestnikov wins face-off versus Alexei Toropchenko in NASHVILLE Predators zone.
11:23 of 2nd period - Shot by Leon Draisaitl.
11:23 of 2nd period - Shot Misses the Net.
11:27 of 2nd period - Shot by Bryan Rust.
11:27 of 2nd period - Stopped by Ukko-Pekka Luukkonen without a rebound.
11:28 of 2nd period - Leon Draisaitl wins face-off versus Kevin Hayes in WINNIPEG Jets zone.
12:01 of 2nd period - Shot by Ryan Donato.
12:01 of 2nd period - Shot Hit the Post.
13:28 of 2nd period - Off-side.
13:29 of 2nd period - Henrik Borgstrom wins face-off versus Dawson Mercer in neutral zone.
13:46 of 2nd period - Shot by Henrik Borgstrom.
13:46 of 2nd period - Shot Blocked by Dmitrij Jaskin.
14:36 of 2nd period - Off-side.
14:37 of 2nd period - Vladislav Namestnikov wins face-off versus Tyson Jost in neutral zone.
15:37 of 2nd period - Icing by Josh Morrissey.
15:38 of 2nd period - Andrew Copp wins face-off versus Sam Bennett in NASHVILLE Predators zone.
15:38 of 2nd period - Andrew Copp is hit by Sam Bennett.
16:21 of 2nd period - Andrew Copp is hit by Colton Parayko and loses puck.
16:35 of 2nd period - Andrew Copp is hit by Nikita Zadorov and loses puck.
16:54 of 2nd period - Shot by Noah Cates.
16:54 of 2nd period - Shot Blocked by Matt Grzelcyk.
17:09 of 2nd period - Brett Connolly is hit by Nikita Zadorov and loses puck.
17:18 of 2nd period - Shot by Brett Connolly.
17:18 of 2nd period - Goal by Brett Connolly - NASHVILLE Predators : 1 - WINNIPEG Jets : 2.
17:19 of 2nd period - Vladislav Namestnikov wins face-off versus Alexei Toropchenko in neutral zone.
17:40 of 2nd period - Shot by Kevin Labanc.
17:40 of 2nd period - Shot Misses the Net.
19:20 of 2nd period - Shot by Noah Cates.
19:20 of 2nd period - Shot Hit the Post.
19:22 of 2nd period - Shot by Dawson Mercer.
19:22 of 2nd period - Goal by Dawson Mercer - NASHVILLE Predators : 1 - WINNIPEG Jets : 3.
19:23 of 2nd period - Logan Brown wins face-off versus Leon Draisaitl in neutral zone.
19:56 of 2nd period - Leon Draisaitl is hit by Ethan Bear and loses puck.
Goals for this period are 1 for NASHVILLE Predators vs 2 for WINNIPEG Jets.
Shots for this period are 5 for NASHVILLE Predators vs 5 for WINNIPEG Jets.

3rd period


0:01 of 3rd period - Leon Draisaitl wins face-off versus Dawson Mercer in neutral zone.
0:18 of 3rd period - Josh Morrissey is hit by Dmitrij Jaskin and loses puck.
0:24 of 3rd period - Minor Penalty to Ethan Bear for Holding.
0:25 of 3rd period - Dmitrij Jaskin wins face-off versus Vladislav Namestnikov in WINNIPEG Jets zone.
2:40 of 3rd period - Shot by Mattias Janmark.
2:40 of 3rd period - Stopped by Matt Murray with a rebound.
2:42 of 3rd period - Shot by Evgeny Svechnikov.
2:42 of 3rd period - Stopped by Matt Murray without a rebound.
2:43 of 3rd period - Noah Cates wins face-off versus Ryan Donato in NASHVILLE Predators zone.
2:50 of 3rd period - Shot by Ryan Donato.
2:50 of 3rd period - Shot Misses the Net.
3:08 of 3rd period - Nick Leddy is hit by Ryan Donato and loses puck.
5:17 of 3rd period - Shot by Kevin Labanc.
5:17 of 3rd period - Shot Blocked by Colton Parayko.
6:19 of 3rd period - Shot by Alexei Toropchenko.
6:19 of 3rd period - Stopped by Matt Murray with a rebound.
6:21 of 3rd period - Shot by Nick Leddy.
6:21 of 3rd period - Goal by Nick Leddy - NASHVILLE Predators : 1 - WINNIPEG Jets : 4.
6:22 of 3rd period - Leon Draisaitl wins face-off versus Dawson Mercer in neutral zone.
6:28 of 3rd period - Icing by Cam Fowler.
6:29 of 3rd period - Dawson Mercer wins face-off versus Leon Draisaitl in NASHVILLE Predators zone.
7:04 of 3rd period - Shot by Andrew Copp.
7:04 of 3rd period - Stopped by Ukko-Pekka Luukkonen without a rebound.
7:05 of 3rd period - Kevin Labanc wins face-off versus Tyson Jost in WINNIPEG Jets zone.
7:06 of 3rd period - Shot by Calle Jarnkrok.
7:06 of 3rd period - Stopped by Ukko-Pekka Luukkonen without a rebound.
7:07 of 3rd period - Vladislav Namestnikov wins face-off versus Sam Bennett in WINNIPEG Jets zone.
7:08 of 3rd period - Shot by Kevin Labanc.
7:08 of 3rd period - Shot Misses the Net.
7:10 of 3rd period - Shot by Calle Jarnkrok.
7:10 of 3rd period - Shot Blocked by Nick Leddy.
8:06 of 3rd period - Icing by Kevin Hayes.
8:07 of 3rd period - Sam Bennett wins face-off versus Ryan Donato in WINNIPEG Jets zone.
8:27 of 3rd period - Shot by Noah Cates.
8:27 of 3rd period - Stopped by Matt Murray without a rebound.
8:28 of 3rd period - Tyson Jost wins face-off versus Andrew Copp in NASHVILLE Predators zone.
8:40 of 3rd period - Alexei Toropchenko is hit by Matt Grzelcyk and loses puck.
8:53 of 3rd period - Shot by Alexei Toropchenko.
8:53 of 3rd period - Shot Blocked by Matt Grzelcyk.
8:55 of 3rd period - Shot by Nick Perbix.
8:55 of 3rd period - Stopped by Matt Murray without a rebound.
8:56 of 3rd period - Vladislav Namestnikov wins face-off versus Dawson Mercer in NASHVILLE Predators zone.
9:37 of 3rd period - Shot by Dawson Mercer.
9:37 of 3rd period - Shot Blocked by Josh Morrissey.
9:48 of 3rd period - Icing by Josh Morrissey.
9:49 of 3rd period - Tyson Jost wins face-off versus Vladislav Namestnikov in NASHVILLE Predators zone.
11:21 of 3rd period - Icing by Josh Morrissey.
11:22 of 3rd period - Dawson Mercer wins face-off versus Vladislav Namestnikov in NASHVILLE Predators zone.
11:35 of 3rd period - Shot by Dawson Mercer.
11:35 of 3rd period - Stopped by Matt Murray with a rebound.
12:12 of 3rd period - Kevin Labanc is hit by Nikita Zadorov and loses puck.
13:35 of 3rd period - Shot by Andrew Copp.
13:35 of 3rd period - Shot Misses the Net.
13:44 of 3rd period - Off-side.
13:45 of 3rd period - Dawson Mercer wins face-off versus Ryan Donato in neutral zone.
13:52 of 3rd period - Shot by Dmitrij Jaskin.
13:52 of 3rd period - Shot Misses the Net.
14:40 of 3rd period - Icing by Noah Cates.
14:41 of 3rd period - Leon Draisaitl wins face-off versus Dmitrij Jaskin in WINNIPEG Jets zone.
15:37 of 3rd period - Chris Tanev is hit by Kevin Hayes and loses puck.
16:34 of 3rd period - Shot by Tyson Jost.
16:34 of 3rd period - Shot Misses the Net.
16:36 of 3rd period - Shot by Colton White.
16:36 of 3rd period - Goal by Colton White - NASHVILLE Predators : 1 - WINNIPEG Jets : 5.
16:37 of 3rd period - Logan Brown wins face-off versus Leon Draisaitl in neutral zone.
16:51 of 3rd period - Off-side.
16:52 of 3rd period - Alexander Nylander wins face-off versus Dawson Mercer in neutral zone.
17:56 of 3rd period - Andrew Copp is hit by Colton Parayko and loses puck.
18:02 of 3rd period - Minor Penalty to Colton Parayko for Tripping.
18:03 of 3rd period - Leon Draisaitl wins face-off versus Kevin Hayes in WINNIPEG Jets zone.
18:10 of 3rd period - Shot by Bryan Rust.
18:10 of 3rd period - Shot Misses the Net.
18:12 of 3rd period - Shot by Cam Fowler.
18:12 of 3rd period - Shot Blocked by Nick Perbix.
18:14 of 3rd period - Shot by Erik Gustafsson.
18:14 of 3rd period - Stopped by Ukko-Pekka Luukkonen without a rebound.
18:15 of 3rd period - Leon Draisaitl wins face-off versus Dmitrij Jaskin in WINNIPEG Jets zone.
18:26 of 3rd period - Shot by Leon Draisaitl.
18:26 of 3rd period - Stopped by Ukko-Pekka Luukkonen without a rebound.
18:27 of 3rd period - Vladislav Namestnikov wins face-off versus Kevin Hayes in WINNIPEG Jets zone.
18:30 of 3rd period - Shot by Andrew Copp.
18:30 of 3rd period - Shot Misses the Net.
18:32 of 3rd period - Shot by Matt Grzelcyk.
18:32 of 3rd period - Stopped by Ukko-Pekka Luukkonen without a rebound.
18:33 of 3rd period - Dmitrij Jaskin wins face-off versus Leon Draisaitl in WINNIPEG Jets zone.
Goals for this period are 0 for NASHVILLE Predators vs 2 for WINNIPEG Jets.
Shots for this period are 5 for NASHVILLE Predators vs 8 for WINNIPEG Jets.